 Dungeon Crawl Stone Soup version 0.28.0-43-g3370ac3207 (webtiles) character file.

Game seed: 15142076012654193384

19 styxcanada the Stinger (level 2, 0/15 HPs)
             Began as a Deep Elf Venom Mage on Mar 3, 2022.
             Killed from afar by Sigmund (4 damage)
             ... with a magic dart
             ... on level 2 of the Dungeon.
             The game lasted 00:05:04 (1300 turns).

styxcanada the Stinger (Deep Elf Venom Mage)        Turns: 1300, Time: 00:05:04

Health: 0/15       AC:  3    Str:  5    XL:     2   Next: 55%
Magic:  4/8        EV: 11    Int: 19    God:
Gold:   16         SH:  0    Dex: 15    Spells: 5/8 levels left

rFire   . . .      SeeInvis .   a - +1 dagger (venom)
rCold   . . .      Faith    .   (no shield)
rNeg    . . .      Spirit   .   c - +0 leather armour
rPois   .          Reflect  .   (no helmet)
rElec   .          Harm     .   (no cloak)
rCorr   .          Rampage  .   (no gloves)
Will    .....                   (no boots)
Stlth   ++........              (no amulet)
HPRegen 0.05/turn               (no ring)
MPRegen 0.11/turn               (no ring)

@: no status effects
A: no striking features
a: no special abilities


You were on level 2 of the Dungeon.
You visited 1 branch of the dungeon, and saw 2 of its levels.

You collected 16 gold pieces.

Inventory:

Hand Weapons
 a - a +1 dagger of venom (weapon)
 g - a +0 hunting sling
 l - a +0 hunting sling
Missiles
 e - 41 stones
Armour
 c - a +0 leather armour (worn)
Scrolls
 d - a scroll of immolation {unknown}
 i - a scroll of brand weapon {unknown}
 k - a scroll of identify {unknown}
Potions
 b - a potion of invisibility {unknown}
 f - a potion of haste {unknown}
 h - 2 potions of curing
 j - a potion of degeneration {unknown}


   Skills:
 * Level 0.3 Armour
 + Level 2.6 Dodging
 * Level 2.7 Stealth
 + Level 3.5 Spellcasting
 + Level 1.2 Transmutations
 + Level 3.5 Poison Magic


You had 5 spell levels left.
You knew the following spells:

 Your Spells              Type           Power      Damage    Failure   Level
a - Sting                 Tmut/Pois      48%        1d5       9%          1
b - Poisonous Vapours     Pois/Air       20%        N/A       17%         2

Your spell library contained the following spells:

 Spells                   Type           Power      Damage    Failure   Level
 Magic Dart               Conj           12%        1d3       24%         1
 Searing Ray              Conj           6%         2d4       36%         2
 Mephitic Cloud           Conj/Pois/Air  7%         N/A       41%         3
 Olgreb's Toxic Radiance  Pois           16%        N/A       50%         4
 Fulminant Prism          Conj/Hex       1%         3d6       94%         4


Dungeon Overview and Level Annotations

Branches:
Dungeon (2/15)

Altars:

Annotations:
D:2 Sigmund


Message History

Aiming: Sting (safe; 9% risk of failure)
Press: ? - help, Q - select action, (/) - cycle Shift-Dir - straight line, f - you, p - Sigmund That beam is likely to hit you.
Continue anyway? [Y]es or [N]o only, please.
That beam is likely to hit you.
Continue anyway?
Okay, then.
Unknown command.
Casting: Sting (safe; 9% risk of failure)
Confirm with . or Enter, or press ? or * to list all spells.
Aiming: Poisonous Vapours (safe; 17% risk of failure)
Press: ? - help, Dir - move target, f - Sigmund
Aim: Sigmund, wielding a +0 scythe of protection and wearing a +0 robe Poisonous vapours surround Sigmund!
Sigmund is poisoned.
Sigmund points at you and mumbles some strange words.
The magic dart hits you.
Casting: Poisonous Vapours (safe; 17% risk of failure)
Confirm with . or Enter, or press ? or * to list all spells.
Aiming: Poisonous Vapours (safe; 17% risk of failure)
Press: ? - help, Dir - move target, f/p - Sigmund
Aim: Sigmund, wielding a +0 scythe of protection and wearing a +0 robe (lightly wounded, poisoned)
You miscast Poisonous Vapours.
You are very lightly contaminated with residual magic.
Nothing appears to happen.
Casting: Poisonous Vapours (safe; 17% risk of failure)
Confirm with . or Enter, or press ? or * to list all spells.
Aiming: Poisonous Vapours (safe; 17% risk of failure)
Press: ? - help, Dir - move target, f/p - Sigmund
Aim: Sigmund, wielding a +0 scythe of protection and wearing a +0 robe (lightly wounded) Poisonous vapours surround Sigmund!
Sigmund is poisoned.
Your magical contamination has completely faded away.
Sigmund looks more healthy.
Sigmund gestures at you while chanting. The puff of flame hits you!
* * * LOW HITPOINT WARNING * * *
Sigmund gestures at you while chanting. You resist with significant effort.
There is a stone staircase leading up here.
Sigmund casts a spell at you. The magic dart hits you.
You die...

## # ###.#.##
....#.# #...#
#@# #.# ## #.#
#.# #########
#.# ...
#.......# #@#
.... #.......#
#<####
#...##......)#
#....#
#...........#
####@#
#........# #.#


You could see Sigmund.

Vanquished Creatures
  3 bats (D:1)
  An endoplasm (D:1)
  5 goblins
  A hobgoblin (D:1)
  2 quokkas (D:1)
  A ball python (D:1)
  A frilled lizard (D:1)
  A kobold (D:1)
  3 rats (D:1)
18 creatures vanquished.

Notes
Turn   | Place    | Note
-------+----------+-------------------------------------------
     0 | D:1      | styxcanada the Deep Elf Venom Mage began the quest for the
                  | Orb.
     0 | D:1      | Reached XP level 1. HP: 10/10 MP: 6/6
   258 | D:1      | Reached XP level 2. HP: 15/15 MP: 4/8
   710 | D:1      | Learned a level 2 spell: Poisonous Vapours
   756 | D:1      | Found a faded altar of an unknown god.
  1257 | D:2      | Noticed Sigmund
  1300 | D:2      | Killed from afar by Sigmund

Illustrated notes

Levels and vault maps discovered:
D:1:      grunt_arrival_crossed_arrows, layout_loops_ring,
          hellmonk_ecumenical_altar_inner_sanctum
D:2:      layout_loops_cross, basic_altar, uniq_robin, uniq_crazy_yiuf_cottage,
          uniq_sigmund

Action                   || total
-------------------------++-------
Melee: Dagger            ||    13
 Cast: Sting             ||    22
       Poisonous Vapours ||     2
 Stab: Sleeping          ||     3
Armor: Leather armour    ||     3
Dodge: Dodged            ||    10
